cohdb
Replays
Latest Replays
All Replays
Popular Replays
Top Player Replays
Match Explorer
How It Works
Community
CoH3 Stats
Reddit
Sign in to upload your games and track your stats! →
Sign in with Steam
Match 45997621
Unlisted
Match 45997621
Overview
Messages
Build Orders
End
Kradschützen Motorcycle Team
Selects Panzerjäger Kommand Battlegroup
Panzergrenadier Squad
Panzergrenadier Squad
250 Light Carrier
Construct Light Support Kompanie
Combat Half-tracks
Selects Tank Busters
Fire Support Elements
Panzerjäger Mechanized Group
Flakvierling Half-track
Vehicle Survival Package
Construct Mechanized Kompanie
Selects Crew Shock Tactics
Emergency Repair Kits
Panzerjäger Mechanized Group
StuG III D Assault Gun
2.5-tonne Medical Truck
Veteran Squad Leaders
StuG III D Assault Gun
Rapid Advance
8 Rad Armored Car
Selects Mine Fields
8 Rad Armored Car
8 Rad Armored Car
Crew Shock Tactics
8 Rad Armored Car
Marder III Tank Destroyer
Marder III Tank Destroyer
Selects Anti-tank Overwatch
Selects Defensive Positions
Selects Butterfly Bomb Drop
Marder III Tank Destroyer
Advanced Optics
Theodosios
Skeng.Tecnica.International
0
0
Comments
sign in to comment!
No comments posted yet!